 Dungeon Crawl Stone Soup version 0.26-b1-25-gafae2e710b (webtiles) character file.

Game seed: 13924946034606476585

21 teolandon225 the Chopper (level 2, -1/27 HPs)
             Began as a Minotaur Berserker on Jan 2, 2021.
             Was a Follower of Trog.
             Killed from afar by Natasha (3 damage)
             ... with a puff of flame
             ... on level 2 of the Dungeon on Jan 3, 2021.
             The game lasted 00:05:55 (1190 turns).

teolandon225 the Chopper (Minotaur Berserker)       Turns: 1190, Time: 00:05:55

Health: -1/27      AC:  3    Str: 21    XL:     2   Next: 65%
Magic:  1/1        EV: 12    Int:  4    God:    Trog [*.....]
Gold:   94         SH:  0    Dex:  9    Spells: 1/1 levels left

rFire    + . .     SeeInvis .   a - +0 hand axe
rCold    + . .     Faith    .   (no shield)
rNeg     . . .     Spirit   .   b - +0 animal skin
rPois    +         Reflect  .   (helmet restricted)
rElec    +         Harm     .   e - +0 cloak
rCorr    +         Rampage  .   (no gloves)
Will     .....                  (no boots)
Stlth    +.........             (no amulet)
HPRegen  0.09/turn              (no ring)
MPRegen  0.07/turn              (no ring)

@: lethally poisoned (-1 -> -3), resistant
A: retaliatory headbutt, horns 2
a: Renounce Religion, Berserk


You were on level 2 of the Dungeon.
You worshipped Trog.
Trog was aware of your devotion.
You visited 1 branch of the dungeon, and saw 2 of its levels.

You collected 94 gold pieces.

Inventory:

Hand Weapons
 a - a +0 hand axe (weapon)
Armour
 b - a +0 animal skin (worn)
 e - a +0 cloak (worn)
Jewellery
 f - a cursed ring of teleportation {unknown}
 g - an uncursed amulet of magic regeneration {unknown}
 m - an uncursed amulet of guardian spirit {unknown}
Scrolls
 c - 2 scrolls of remove curse {unknown}
 d - a scroll of identify {unknown}
 j - a scroll of teleportation {unknown}
Potions
 i - a potion of flight {unknown}
 k - a potion of might {unknown}
 l - a potion of degeneration {unknown}
 n - a potion of lignification {unknown}
 o - a potion of heal wounds {unknown}


   Skills:
 + Level 3.9 Fighting
 * Level 4.0 Axes
 + Level 2.8 Armour
 + Level 2.5 Dodging


You had one spell level left.
You didn't know any spells.
Your spell library was empty.

Dungeon Overview and Level Annotations

Branches:
Dungeon (2/15)

Altars:
Yredelemnul

Annotations:
D:2 Natasha


Innate Abilities, Weirdness & Mutations

You reflexively headbutt those who attack you in melee.
You have a pair of horns on your head.


Message History

Natasha is heavily wounded.
Natasha zaps a wand.
The puff of flame misses you.
You closely miss Natasha. Your headbutt misses Natasha.
Natasha is heavily wounded.
Natasha barely misses you.
Natasha stares at you and mumbles some strange words.
The magic dart hits you.
You miss Natasha.
Natasha is heavily wounded.
You feel sick.
Natasha zaps a wand.
The puff of flame hits you.
* * * LOW HITPOINT WARNING * * *
Natasha zaps a wand.
The puff of flame misses you.
You hit Natasha. Your headbutt misses Natasha.
Natasha is heavily wounded.
Natasha claws you!
* * * LOW HITPOINT WARNING * * *
It was a potion of resistance.
You feel protected.
Natasha zaps a wand.
The puff of flame hits you. You resist.
You die...

### #########
..#############........
................########
#.##############........
#.#### #.#######
.....### #@# ...#....
.....5h.# .....# #
#######.# ..#### #.. ..#
##. ..###### .. ........
#. .#...... .≈ ....≈..≈


You could see Natasha (fast) and a white imp (summoned).

Vanquished Creatures
  An adder (D:2)
  A leopard gecko (D:1)
  2 goblins (D:1)
  2 hobgoblins
  A quokka (D:2)
  A frilled lizard (D:1)
  A kobold (D:1)
  3 rats
12 creatures vanquished.

Vanquished Creatures (others)
  3 plants (D:2)
  A withered plant (D:2)
4 creatures vanquished.

Grand Total: 16 creatures vanquished

Notes
Turn   | Place    | Note
-------+----------+-------------------------------------------
     0 | D:1      | teolandon225 the Minotaur Berserker began the quest for the
                  | Orb.
     0 | D:1      | Reached XP level 1. HP: 19/19 MP: 0/0
   949 | D:1      | Reached XP level 2. HP: 27/27 MP: 1/1
  1080 | D:2      | Found a basalt altar of Yredelemnul.
  1180 | D:2      | Noticed Natasha
  1186 | D:2      | Reached skill level 4 in Axes
  1189 | D:2      | HP: 1/27 [Natasha (7)]
  1190 | D:2      | Killed from afar by Natasha

Illustrated notes

Levels and vault maps discovered:
D:1:      roderic_chinese_lattice_arrival, layout_basic,
          minmay_misc_feat_ornament
D:2:      layout_loops_ring, eat_drink_and_be_merry_uskayaw,
          yredelemnul_altar_generic, lemuel_coloured_pillars_altar,
          chequers_big_river, dk_noncrumbling_4, minmay_tiny_reverse_x,
          uniq_jessica, uniq_natasha

Skill      XL: |  1  2 |
---------------+-------+-----
Axes           | 4 |  4.0
Fighting       | |  3.9
Armour         | |  2.8
Dodging        | |  2.5

Action                   || total
-------------------------++-------
Melee: Hand axe          ||    38
       Headbutt          ||     6
  Use: Potion            ||     1
Armor: Animal skin       ||     8
Dodge: Dodged            ||    19
